 Dungeon Crawl Stone Soup version 0.29-a0-320-g9f87420 (webtiles) character file.

Game seed: 5758577682900129093

1233 Toastz the Skirmisher (level 8, 67/67 HPs)
             Began as a Demonspawn Monk on Apr 2, 2022.
             Quit the game on level 6 of the Dungeon.
             The game lasted 00:22:19 (6133 turns).

Toastz the Skirmisher (Demonspawn Monk)             Turns: 6133, Time: 00:22:19

Health: 67/67      AC: 13    Str: 15    XL:     8   Next: 24%
Magic:  8/8        EV:  7    Int: 11    God:
Gold:   113        SH:  0    Dex: 15    Spells: 7/7 levels left

rFire   . . .      SeeInvis +   G - +0 halberd
rCold   . . .      Faith    .   (shield currently unavailable)
rNeg    . . .      Spirit   .   E - +0 chain mail of Baericsyrgh {Slay+3 Stlth+}
rPois   .          Reflect  .   (helmet restricted)
rElec   .          Harm     .   (no cloak)
rCorr   +          Rampage  .   o - +0 pair of gloves
Will    .....                   t - +0 pair of boots
Stlth   ..........              a - amulet of magic regeneration
HPRegen 0.21/turn               x - ring of see invisible
MPRegen 0.51/turn               C - ring of resist corrosion

@: no status effects
A: antennae 2, slimy green scales 1, spiny 2, demonic magic 1
a: no special abilities


You were on level 6 of the Dungeon.
You visited 1 branch of the dungeon, and saw 6 of its levels.

You collected 274 gold pieces.
You spent 161 gold pieces at shops.

Inventory:

Hand Weapons
 h - a +1 trident
 A - the +9 flail of Exhibitionism {vorpal, Int+7}
   (You took it off a hobgoblin on level 3 of the Dungeon)

   It inflicts extra damage upon your enemies.
   Int:       It affects your intelligence (+7).
 G - a +0 halberd (weapon)
Missiles
 u - 67 stones (quivered)
 B - 2 silver javelins
 F - a throwing net
Armour
 o - a +0 pair of gloves (worn)
 p - a +0 plate armour
 q - a +3 leather armour
 t - a +0 pair of boots (worn)
 y - a +0 scale mail
 E - the +0 chain mail of Baericsyrgh (worn) {Slay+3 Stlth+}
   (You bought it in a shop on level 4 of the Dungeon)

   Slay:      It affects your accuracy & damage with ranged weapons and melee
   (+3).
   Stlth:     It makes you more stealthy.
Jewellery
 a - an amulet of magic regeneration (around neck)
 x - a ring of see invisible (left hand)
 C - a ring of resist corrosion (right hand)
 K - a ring of magical power
Scrolls
 b - a scroll of immolation
 e - 2 scrolls of identify {unknown}
 j - 4 scrolls of teleportation
 k - a scroll of blinking
 l - 2 scrolls of fog
 m - a scroll of amnesia {unknown}
 r - 4 scrolls of enchant weapon
 s - 2 scrolls of noise
 z - 3 scrolls of enchant armour {unknown}
 H - a scroll of fear {unknown}
 I - a scroll of brand weapon {unknown}
Potions
 c - a potion of ambrosia
 d - a potion of resistance {unknown}
 f - a potion of mutation {unknown}
 g - a potion of haste {unknown}
 i - 4 potions of degeneration {unknown}
 n - 3 potions of might {unknown}
 v - 2 potions of curing
 w - 2 potions of cancellation {unknown}
 D - 2 potions of lignification {unknown}
 J - a potion of flight {unknown}


   Skills:
 * Level 7.1 Fighting
 * Level 6.4 Polearms
 + Level 3.4 Armour
 - Level 2.7 Dodging
 - Level 1.8 Stealth


You had 7 spell levels left.
You didn't know any spells.
Your spell library contained the following spells:

 Spells                   Type           Power      Damage    Failure   Level
 Apportation              Tloc           0%         N/A       100%        1
 Blink                    Tloc           0%         N/A       100%        2
 Dazzling Flash           Conj/Hex       0%         N/A       100%        3
 Lesser Beckoning         Tloc           0%         N/A       100%        3
 Iskenderun's Mystic Bla  Conj/Tloc      0%         2d3       100%        4
 Alistair's Intoxication  Tmut/Pois      0%         N/A       100%        5
 Manifold Assault         Tloc           0%         N/A       100%        5
 Starburst                Conj/Fire      0%         6d3       100%        6


Dungeon Overview and Level Annotations

Branches:
Dungeon (6/15)
 Temple: D:4-7

Altars:

Shops:
D:4 [


Innate Abilities, Weirdness & Mutations

You have a pair of antennae on your head.
You are partially covered in slimy green scales. (AC +2)
You are mostly covered in sharp spines.
Spells you cast may paralyse adjacent enemies.


Message History

A scorpion comes into view.
You puncture the bullfrog!
The bullfrog is almost dead.
The bullfrog hits you but does no damage.
The bullfrog is struck by your spines.
You kill the bullfrog!
You see here a bullfrog corpse.
You closely miss the necrophage.
The necrophage hits you but does no damage.
The necrophage barely misses you.
You puncture the necrophage!
The necrophage is severely damaged.
The scorpion is struck by your spines. The scorpion barely misses you.
The scorpion stings you but does no damage.
The necrophage is struck by your spines.
The necrophage hits you but does no damage.
You barely miss the necrophage.
The necrophage is severely damaged.
The scorpion stings you. The necrophage closely misses you.
You puncture the necrophage!
You destroy the necrophage!
The scorpion stings you but does no damage. x2
Your Fighting skill increases to level 7!
You closely miss the scorpion.
The scorpion is moderately wounded.
The scorpion stings you but does no damage.
You hit the scorpion but do no damage.
The scorpion is moderately wounded.
The scorpion stings you but does no damage. x2
You impale the scorpion!!
You kill the scorpion!
No target in view!
You see here a necrophage corpse.
K - a ring of magical power
C - a ring of resist corrosion (right hand)
You start putting on your amulet.
You continue putting on your amulet of magic regeneration. x5
You finish putting on your amulet of magic regeneration.
a - an amulet of magic regeneration (around neck) Are you sure you want to abandon this character and quit the game? (Confirm with "yes".)

########## .!.#.....##
..........##
.......@...#
...........#
...........#
.......††..# #
......†....##### ######
....$..$!..?...####.....
.........#####........##
###.##############..#...
... #........#####


There were no monsters in sight!

Vanquished Creatures
  2 black bears (D:4)
  An ogre (D:5)
  A centaur (D:4)
  A bullfrog (D:6)
  4 scorpions
  A necrophage (D:6)
  4 hounds
  A jelly (D:5)
  An orc priest (D:4)
  6 orc wizards
  6 adders
  4 gnolls (D:5)
  4 dart slugs
  12 orcs
  8 bats
  5 endoplasms
  2 giant cockroaches
  6 goblins
  7 hobgoblins
  4 jackals
  5 quokkas
  7 ball pythons
  3 frilled lizards
  7 kobolds
  6 rats
108 creatures vanquished.

Vanquished Creatures (others)
  An orc wizard (D:5)
1 creature vanquished.

Grand Total: 109 creatures vanquished

Notes
Turn   | Place    | Note
-------+----------+-------------------------------------------
     0 | D:1      | Toastz the Demonspawn Monk began the quest for the Orb.
     0 | D:1      | Reached XP level 1. HP: 18/18 MP: 1/1
   397 | D:1      | Gained mutation: You are partially covered in slimy green
                  | scales. (AC +2) [demonic ancestry]
   397 | D:1      | Reached XP level 2. HP: 22/24 MP: 2/2
  1374 | D:2      | Gained mutation: You are partially covered in sharp spines.
                  | [demonic ancestry]
  1374 | D:2      | Reached XP level 3. HP: 25/29 MP: 3/3
  1972 | D:2      | Reached skill level 4 in Fighting
  1977 | D:2      | Reached XP level 4. HP: 31/37 MP: 4/4
  2623 | D:3      | Found a faded altar of an unknown god.
  3069 | D:3      | Identified the +9 flail of Exhibitionism {vorpal, Int+7}
  3409 | D:4      | Gained mutation: You are mostly covered in sharp spines.
                  | [demonic ancestry]
  3409 | D:4      | Reached XP level 5. HP: 41/43 MP: 5/5
  3458 | D:4      | Noticed a black bear
  3530 | D:4      | Noticed a centaur
  3535 | D:4      | Killed a centaur
  3536 | D:4      | Reached skill level 1 in Armour
  3639 | D:4      | Found Ylelos's Antique Armour Shoppe.
  3646 | D:4      | Bought a steaming chain mail for 161 gold pieces
  3646 | D:4      | Identified the +0 chain mail of Baericsyrgh {Slay+3 Stlth+}
                  | (You bought it in a shop on level 4 of the Dungeon)
  3701 | D:4      | Reached skill level 5 in Fighting
  3711 | D:4      | Gained mutation: You have a pair of small antennae on your
                  | head. [demonic ancestry]
  3711 | D:4      | Reached XP level 6. HP: 34/51 MP: 6/6
  4011 | D:4      | Reached skill level 5 in Polearms
  4011 | D:4      | Gained mutation: You have a pair of antennae on your head.
                  | [demonic ancestry]
  4011 | D:4      | Reached XP level 7. HP: 40/57 MP: 7/7
  4744 | D:5      | Entered Level 5 of the Dungeon
  4751 | D:4      | Reached skill level 6 in Fighting
  5741 | D:5      | Gained mutation: Spells you cast may paralyse adjacent
                  | enemies. [demonic ancestry]
  5741 | D:5      | Reached XP level 8. HP: 65/65 MP: 8/8
  6119 | D:6      | Reached skill level 7 in Fighting
  6133 | D:6      | Quit the game

Illustrated notes

Levels and vault maps discovered:
D:1:      dpeg_arrival_subterranean_lakeside_camping, layout_basic,
          minmay_misc_feat_enclosed
D:2:      minmay_diamond_boxcup, layout_basic, ebering_dispersal_statue_hall,
          fountainhead, minmay_misc_feat_nine_boxes
D:3:      layout_loops_cross, basic_ecumenical_altar
D:4:      layout_cave_pods, serial_shops, shop
D:5:      layout_basic, grunt_ministairs_2
D:6:      layout_rooms, minmay_temple_entry_tees

Skill      XL: |  1  2  3  4  5  6  7  8 |
---------------+-------------------------+-----
Polearms       | 3 4 5 6 |  6.4
Fighting       | 4 5 6 7 |  7.1
Armour         | 1 2 3 |  3.4
Dodging        | |  2.7
Stealth        | |  1.8

Action                   |  1- 3 |  4- 6 |  7- 9 || total
-------------------------+-------+-------+-------++-------
Melee: Spear             |    16 |       |       ||    16
       Trident           |    86 |    91 |    35 ||   212
       Punch             |     3 |     3 |     2 ||     8
       Halberd           |       |       |    18 ||    18
Throw: Stone             |    13 |    46 |    21 ||    80
       Dart              |     2 |     5 |       ||     7
       Javelin           |       |     6 |     5 ||    11
       Throwing net      |       |     2 |       ||     2
  Use: Scroll            |     2 |     3 |     2 ||     7
 Stab: Sleeping          |     3 |       |       ||     3
       Distracted        |       |     1 |       ||     1
Armor: Ring mail         |    34 |     5 |       ||    39
       Scale mail        |       |    13 |       ||    13
       Chain mail        |       |    15 |    27 ||    42
Dodge: Dodged            |    55 |    36 |    12 ||   103

Table legend: (Time is in decaauts)
 A = Elapsed time spent in this place.
 B = Non-inter-level travel time spent in this place.
 C = Inter-level travel time spent in this place.
 D = Time resting spent in this place.
 E = Time spent auto-exploring this place.
 F = Levels seen in this place.
 G = Mean time per level.
                   A        B        C        D        E       F      G
               +--------+--------+--------+--------+--------+-----+--------+
         Total |   6171 |   5993 |    178 |    775 |   4177 |   6 | 1028.5 |
       Dungeon |   6171 |   5993 |    178 |    775 |   4177 |   6 | 1028.5 |
               +--------+--------+--------+--------+--------+-----+--------+

Top non-repeatable levels by time:
     D:4: 1453 daAuts
     D:5: 1312 daAuts
     D:2: 1261 daAuts
     D:3: 1162 daAuts
     D:1: 918 daAuts
     D:6: 62 daAuts
